 Dungeon Crawl Stone Soup version 0.25-a0-565-g8875c97ebb (webtiles) character file.

Game seed: 1586251406330564292, levelgen mode: deterministic

154 Flugslaktarn the Shield-Bearer (level 5, -19/49 HPs)
             Began as a Deep Dwarf Fighter on Feb 26, 2020.
             Blown up by Pikel (32 damage)
             ... with a disintegration bolt
             ... on level 5 of the Dungeon.
             The game lasted 00:00:44 (588 turns).

Flugslaktarn the Shield-Bearer (Deep Dwarf Fighter)  Turns: 588, Time: 00:00:44

Health: -19/49     AC:  7    Str: 21    XL:     5   Next: 13%
Magic:  4/4        EV:  7    Int:  8    God:
Gold:   26         SH: 11    Dex: 12    Spells: 4/4 levels left

rFire    . . .     SeeInvis .   a - +0 war axe
rCold    . . .     Gourm    .   k - +2 kite shield
rNeg     . . .     Faith    .   b - +0 scale mail
rPois    .         Spirit   .   (no helmet)
rElec    .         Reflect  .   (no cloak)
rCorr    .         Harm     .   (no gloves)
MR       .....                  (no boots)
Stlth    ..........             (no amulet)
HPRegen  0.00/turn              (no ring)
MPRegen  0.09/turn              (no ring)

@: non-regenerating
A: damage resistance, heal wounds, sense surroundings 1, no regeneration
a: Heal Wounds


You were on level 5 of the Dungeon.
You were not hungry.

You visited 1 branch of the dungeon, and saw 5 of its levels.

You collected 26 gold pieces.

Inventory:

Hand Weapons
 a - a +0 war axe (weapon)
Armour
 b - a +0 scale mail (worn)
 k - a +2 kite shield (worn)
   (You found it on level 3 of the Dungeon)
Scrolls
 g - 2 scrolls of teleportation {unknown}
 i - a scroll of identify {unknown}
 j - a scroll of random uselessness {unknown}
Potions
 c - a potion of lignification {unknown}
 d - a potion of might
 h - 2 potions of resistance {unknown}
 l - a potion of cancellation {unknown}
 m - a potion of magic {unknown}
Comestibles
 e - 3 rations
 f - 2 chunks of flesh


   Skills:
 + Level 3.3 Fighting
 * Level 4.1 Axes
 + Level 4.1 Armour
 + Level 4.1 Shields


You had 4 spell levels left.
You didn't know any spells.
Your spell library was empty.

Dungeon Overview and Level Annotations

Branches:
Dungeon (5/15)
 Temple: D:4-7

Altars:
Trog

Annotations:
D:5 Pikel


Innate Abilities, Weirdness & Mutations

You are resistant to damage.
You can heal yourself by infusing magical energy.
You passively map a small area around you.
You do not regenerate.


Message History

Pikel is moderately wounded.
Pikel hits you but does no damage.
Pikel zaps a wand.
You are blasted!
* * * LOW HITPOINT WARNING * * *
You are too injured to fight recklessly!
You are too injured to fight recklessly!
You are too injured to fight recklessly!
You are too injured to fight recklessly!
You are too injured to fight recklessly!
You are too injured to fight recklessly!
You are too injured to fight recklessly!
You are too injured to fight recklessly!
You are too injured to fight recklessly!
You are too injured to fight recklessly!
You are too injured to fight recklessly!
You are too injured to fight recklessly!
The slave is engulfed in blazing flames.
The slave dies!
Pikel zaps a wand.
You are blasted!
Ouch! That really hurt!
You die...

, ###* , ,,,..#
, * *#.. #..
#.. ,
#####..########
8#§§§°.pK.@...#
####.)o#####.#
* #°#.# #.# * #
#o# #.# , *
#..o# #.#
......# ###.# ,
*#..##...#
#...# #. ###.#
#.### * #.# #.#


You could see Pikel, a slave and an orc.

Vanquished Creatures
  An orc priest (D:5)
  2 orc wizards (D:5)
  2 worker ants (D:4)
  An adder skeleton (D:4)
  A dart slug (D:1)
  5 orcs
  A goblin (D:1)
  4 hobgoblins
  A frilled lizard (D:1)
  A jackal zombie (D:5)
  2 rats (D:1)
21 creatures vanquished.

Vanquished Creatures (others)
  3 slaves (D:5)
3 creatures vanquished.

Grand Total: 24 creatures vanquished

Notes
Turn   | Place    | Note
-------+----------+-------------------------------------------
     0 | D:1      | Flugslaktarn the Deep Dwarf Fighter began the quest for the
                  | Orb.
     0 | D:1      | Reached XP level 1. HP: 20/20 MP: 1/1
    70 | D:1      | Reached XP level 2. HP: 13/27 MP: 2/2
   204 | D:3      | You fall into a shaft and drop 1 floor!
   245 | D:4      | Reached XP level 3. HP: 34/34 MP: 2/2
   424 | D:5      | Entered Level 5 of the Dungeon
   452 | D:5      | Found a bloodstained altar of Trog.
   467 | D:5      | Reached XP level 4. HP: 25/42 MP: 3/3
   468 | D:5      | Killed a slave
   472 | D:5      | Killed a slave
   537 | D:5      | Reached XP level 5. HP: 29/49 MP: 4/4
   571 | D:5      | Noticed a slave
   572 | D:5      | Noticed Pikel
   572 | D:5      | Noticed a slave
   588 | D:5      | Killed a slave
   588 | D:5      | Blown up by Pikel

Levels and vault maps discovered:
D:1:      dpeg_arrival_connections, layout_loops_cross, serial_forest,
          infiniplex_forest_lined_1, infiniplex_forest_straight_3,
          infiniplex_forest_lined_room_2, infiniplex_forest_zigzag_2,
          infiniplex_forest_lined_3, infiniplex_forest_clump_double,
          infiniplex_forest_lined_1
D:2:      kennysheep_big_flooded_room, layout_loops_ring, first_ration,
          chequers_serial_rivers_micro_d
D:3:      layout_loops_ring, tso_metal_star, uniq_robin
D:4:      minmay_octagon_keep, layout_loops_ring, kennysheep_little_box,
          xom_butterflies
D:5:      layout_loops_ring, lightli_temple_of_fire, lemuel_flamethrower_2,
          uniq_pikel

Skill      XL: |  1  2  3  4 |
---------------+-------------+-----
Fighting       | 3 |  3.3
Axes           | 3 4 |  4.1
Armour         | 4 |  4.1
Shields        | 4 |  4.1

Action                   |  1- 3 |  4- 6 || total
-------------------------+-------+-------++-------
Melee: War axe           |    46 |    36 ||    82
 Abil: Heal Wounds       |     1 |     2 ||     3
Armor: Scale mail        |    15 |    24 ||    39
Dodge: Dodged            |    13 |     5 ||    18
Block: Kite shield       |    19 |    23 ||    42

Table legend:
 A = Non-vault XP
 B = Vault XP
 C = Vault XP percentage of total XP
 D = Non-vault monster count
 E = Vault monster count
 F = Vault count percentage of total count
                 A         B        C        D         E       F
            +---------+---------+-------+---------+---------+-------
      Total |     221 |       0 |   0.0 |      21 |       0 |   0.0
            +---------+---------+-------+---------+---------+-------
        D:1 |      15 |       0 |   0.0 |       8 |       0 |   0.0
        D:2 |       2 |       0 |   0.0 |       1 |       0 |   0.0
        D:3 |       3 |       0 |   0.0 |       1 |       0 |   0.0
        D:4 |      70 |       0 |   0.0 |       3 |       0 |   0.0
        D:5 |     131 |       0 |   0.0 |       8 |       0 |   0.0
            +---------+---------+-------+---------+---------+-------
